 Dungeon Crawl Stone Soup version 0.29.1-14-g9c671dbff4 (webtiles) character file.

Game seed: 16627004317890481704

86 leafyfresh the Covert (level 4, -2/41 HPs)
             Began as a Gnoll Delver on Feb 13, 2023.
             Slain by a hound (5 damage)
             ... on level 5 of the Dungeon.
             The game lasted 00:01:08 (510 turns).

leafyfresh the Covert (Gnoll Delver)                 Turns: 510, Time: 00:01:09

Health: -2/41      AC:  4    Str: 12    XL:     4   Next: 49%
Magic:  5/5        EV: 13    Int:  9    God:
Gold:   13         SH:  0    Dex: 15    Spells: 5/5 levels left

rFire   . . .      SeeInvis .   a - +0 spear
rCold   + . .      Faith    .   (no shield)
rNeg    . . .      Spirit   .   h - +0 leather armour {rC+}
rPois   .          Reflect  .   (no helmet)
rElec   .          Harm     .   i - +0 cloak
rCorr   .          Rampage  .   (no gloves)
Will    .....                   (no boots)
Stlth   ++++......              (no amulet)
HPRegen 0.13/turn               (no ring)
MPRegen 0.09/turn               (no ring)

@: no status effects
A: fangs 1, strong nose, distributed training
a: no special abilities


You were on level 5 of the Dungeon.
You visited 1 branch of the dungeon, and saw 1 of its levels.

You collected 13 gold pieces.

Inventory:

Hand Weapons
 a - a +0 spear (weapon)
Armour
 b - a +0 leather armour
 h - a +0 leather armour of cold resistance (worn)
 i - a +0 cloak (worn)
Wands
 g - a wand of digging (3)
Scrolls
 c - a scroll of fog
 d - a scroll of magic mapping
 e - a scroll of fear
 j - a scroll of noise {unknown}
Potions
 f - a potion of haste


   Skills:
 + Level 6.6 Fighting
 + Level 1.2 Short Blades
 + Level 1.2 Long Blades
 + Level 1.2 Axes
 + Level 1.2 Maces & Flails
 + Level 4.6 Polearms
 + Level 1.2 Staves
 + Level 1.2 Ranged Weapons
 + Level 1.2 Throwing
 + Level 1.2 Armour
 + Level 4.6 Dodging
 + Level 9.6 Stealth
 + Level 1.2 Shields
 + Level 1.2 Unarmed Combat
 + Level 1.2 Spellcasting
 + Level 1.0 Conjurations
 + Level 1.0 Hexes
 + Level 1.0 Summonings
 + Level 1.0 Necromancy
 + Level 1.0 Translocations
 + Level 1.0 Transmutations
 + Level 1.0 Fire Magic
 + Level 1.0 Ice Magic
 + Level 1.0 Air Magic
 + Level 1.0 Earth Magic
 + Level 1.0 Poison Magic
 + Level 1.3 Invocations
 + Level 1.2 Evocations


You had 5 spell levels left.
You didn't know any spells.
Your spell library was empty.

Dungeon Overview and Level Annotations

Branches:
Dungeon (5/15)
 Temple: D:4-7

Altars:
Dithmenos


Innate Abilities, Weirdness & Mutations

You have very sharp teeth.
Your uncanny sense of smell can sniff out nearby items.
Your experience applies equally to all skills.


Message History

The hound bites you. The hound barely misses you.
Unknown command.
You closely miss the hound. You bite the hound, but do no damage.
The hound is heavily wounded.
The hound barely misses you. The hound closely misses you. x2
Unknown command.
You hit the hound. Your bite misses the hound.
The hound is severely wounded.
The hound stops to sniff the ground.
The hound barely misses you. The hound closely misses you.
The hound bites you but does no damage.
Unknown command.
You hit the hound but do no damage.
The hound is heavily wounded.
The hound bites you.
* * * LOW HITPOINT WARNING * * *
The hound bites you but does no damage.
Unknown command.
You completely miss the hound.
The hound is heavily wounded.
The hound closely misses you. The hound misses you. The hound bites you.
* * * LOW HITPOINT WARNING * * *
Unknown command.
You hit the hound.
The hound is severely wounded.
The hound misses you. The hound closely misses you. The hound bites you.
* * * LOW HITPOINT WARNING * * *
Unknown command.
You closely miss the hound.
The hound is severely wounded.
The hound bites you but does no damage. The hound closely misses you.
Unknown command.
You hit the hound.
The hound is severely wounded.
The hound barely misses you. The hound closely misses you.
Unknown command.
You hit the hound.
The hound is almost dead.
The hound misses you. The hound bites you.
You die...

### ##@# ###hh###
##.oo{Z.# ##.......## ∆
.s #.........# #####.
###.........# ......
##.....#......# ......
#....$..........
......##.o.............


You could see an orc warrior, 2 hounds, an orc and a bullfrog zombie.

Vanquished Creatures
  A bullfrog skeleton (D:5)
  A jelly (D:5)
  A hound zombie (D:5)
  An adder (D:5)
  An ufetubus (D:5)
5 creatures vanquished.

Vanquished Creatures (others)
  A withered plant (D:5)
1 creature vanquished.

Grand Total: 6 creatures vanquished

Notes
Turn   | Place    | Note
-------+----------+-------------------------------------------
     0 | D:5      | Reached skill level 9 in Stealth
     0 | D:5      | leafyfresh the Gnoll Delver began the quest for the Orb.
     0 | D:5      | Reached XP level 1. HP: 23/23 MP: 1/1
    11 | D:5      | Reached XP level 2. HP: 24/29 MP: 2/2
    69 | D:5      | Reached skill level 1 in Invocations
    69 | D:5      | Reached XP level 3. HP: 19/35 MP: 2/4
   219 | D:5      | Reached skill level 1 in Short Blades
   219 | D:5      | Reached skill level 1 in Long Blades
   219 | D:5      | Reached skill level 1 in Axes
   219 | D:5      | Reached skill level 1 in Maces & Flails
   219 | D:5      | Reached skill level 1 in Staves
   219 | D:5      | Reached skill level 1 in Ranged Weapons
   219 | D:5      | Reached skill level 1 in Throwing
   219 | D:5      | Reached skill level 1 in Armour
   219 | D:5      | Reached skill level 1 in Shields
   219 | D:5      | Reached skill level 1 in Unarmed Combat
   219 | D:5      | Reached skill level 1 in Spellcasting
   219 | D:5      | Reached skill level 1 in Evocations
   219 | D:5      | Reached XP level 4. HP: 31/41 MP: 5/5
   277 | D:5      | Reached skill level 1 in Conjurations
   277 | D:5      | Reached skill level 1 in Hexes
   277 | D:5      | Reached skill level 1 in Summonings
   277 | D:5      | Reached skill level 1 in Necromancy
   277 | D:5      | Reached skill level 1 in Translocations
   277 | D:5      | Reached skill level 1 in Transmutations
   277 | D:5      | Reached skill level 1 in Fire Magic
   277 | D:5      | Reached skill level 1 in Ice Magic
   277 | D:5      | Reached skill level 1 in Air Magic
   277 | D:5      | Reached skill level 1 in Earth Magic
   277 | D:5      | Reached skill level 1 in Poison Magic
   462 | D:5      | Found a shadowy altar of Dithmenos.
   481 | D:5      | Noticed a scorpion
   484 | D:5      | Noticed an orc warrior
   510 | D:5      | Slain by a hound

Illustrated notes

Levels and vault maps discovered:
D:5:      layout_cave_pools, grunt_dithmenos_smoke, serial_undead,
          serial_undead_a, serial_undead_c, serial_undead_c, serial_undead_b

Skill      XL: |  1  2  3  4 |
---------------+-------------+-----
Stealth        | |  9.6
Invocations    | 1 |  1.3
Short Blades   | 1 |  1.2
Long Blades    | 1 |  1.2
Axes           | 1 |  1.2
Maces & Flails | 1 |  1.2
Staves         | 1 |  1.2
Ranged Weapons | 1 |  1.2
Throwing       | 1 |  1.2
Armour         | 1 |  1.2
Shields        | 1 |  1.2
Unarmed Combat | 1 |  1.2
Spellcasting   | 1 |  1.2
Evocations     | 1 |  1.2
Conjurations   | 1 |  1.0
Hexes          | 1 |  1.0
Summonings     | 1 |  1.0
Necromancy     | 1 |  1.0
Translocations | 1 |  1.0
Transmutations | 1 |  1.0
Fire Magic     | 1 |  1.0
Ice Magic      | 1 |  1.0
Air Magic      | 1 |  1.0
Earth Magic    | 1 |  1.0
Poison Magic   | 1 |  1.0
Fighting       | |  6.6
Polearms       | |  4.6
Dodging        | |  4.6

Action                   |  1- 3 |  4- 6 || total
-------------------------+-------+-------++-------
Melee: Spear             |    27 |    36 ||    63
       Bite              |     3 |     4 ||     7
 Stab: Sleeping          |     1 |       ||     1
       Distracted        |       |     1 ||     1
Armor: Leather armour    |     6 |    16 ||    22
Dodge: Dodged            |    14 |    61 ||    75
